Map: Pride of Altaris LE

Players

SistaBossen - Winner!

  • Race: Protoss Protoss
  • League: Platinum

VOD

Have the link to the VOD?

Description

Time

  • Played on: Dec. 20, 2021, 4:03 a.m.
  • Length: 9:07
Show
View Real Time Build Order
Export as new Build Order

SistaBossen Protoss - Winner!

Build Orders:  

Get SALT Encoding   

  12  0:03  Probe (Chrono Boost)  
  14  0:20  Probe (Chrono Boost)  
  14  0:25  Pylon  
  14  0:37  Probe (Chrono Boost)  
  15  0:42  Assimilator  
  15  0:48  Probe (Chrono Boost)  
  15  0:59  Probe (Chrono Boost)  
  16  1:06  Gateway  
  17  1:14  Probe (Chrono Boost)  
  18  1:23  Assimilator  
  19  1:31  Probe (Chrono Boost)  
  19  1:48  Probe (Chrono Boost)  
  20  2:02  Forge  
  20  2:04  Forge  
  20  2:08  Probe (Chrono Boost)  
  21  2:17  Zealot  
  23  2:31  Cybernetics Core  
  23  3:08  Pylon  
  23  3:09  Protoss Ground Weapons Level 1 (Chrono Boost)  
  23  3:10  Protoss Ground Armor Level 1 (Chrono Boost)  
  23  3:33  Stalker  
  25  3:53  Gateway x2  
  25  3:57  Gateway  
  25  4:16  Stalker  
  27  4:33  Pylon  
  27  4:36  Warp Gate (Chrono Boost)  
  27  4:59  Stalker  
  29  5:02  Stalker  
  29  5:04  Stalker  
  33  5:20  Pylon  
  33  5:46  Stalker  
  35  5:58  Stalker x3  
  41  6:35  Stalker x2  
  41  6:36  Zealot  
  43  7:13  Stalker  
  43  7:14  Stalker  
  47  7:35  Pylon  
  47  8:01  Stalker  
  47  8:02  Stalker  
  47  8:03  Zealot, Pylon  
  53  8:23  Stalker  
  55  8:34  Zealot x2  
  55  8:35  Zealot  
Tags
 
Add a new tag
Caveats
  • Supply blocks, unpowered buildings, or Contaminate may cause inaccurate times.
  • Supply counts are checked every 10 seconds.